 Dungeon Crawl Stone Soup version 5.7-8-g3a8b389 (webtiles) character file.

6728 ploomutoo the Severer (level 12, -4/87 HPs)
             Began as a Mountain Dwarf Fire Elementalist on Sept 3, 2018.
             Was an Elder of Vehumet.
             Slain by a manticore (illusionary) (19 damage)
             ... on level 13 of the Dungeon.
             The game lasted 00:40:22 (12056 turns).

ploomutoo the Severer (MDFE)                       Turns: 12056, Time: 00:40:22

Health: -4/87      AC: 14 (24%)Str: 12  XL:     12   Next: 62%
Magic:  1/20       EV: 12    Int: 17    God:    Vehumet [4*[109]]
Gold:   421        SH:  0    Dex: 11    Spells: 1/21 levels left

rFire    + . .     SeeInvis .   o - +2 hand axe (distort)
rCold    . . .     Faith    .   (no shield)
rNeg     . . .     Spirit   .   r - +4 ring mail of Duck's Teeth {rF+ Int+3}
rPois    +         Reflect  .   f - +0 helmet
rElec    .         Rnd*Tele +   (no cloak)
rCorr    .                      (no gloves)
MR       .....                  A - +2 pair of boots
Stlth    +.........             E - amulet of destruction
Regen    0.3/turn               z - +5 ring of strength
MPRegen  0.3/turn               H - ring of wizardry

@: barbed spikes, destruction attunement
A: dopey, frail 1, poison resistance, teleportitis 1, weak, wild magic 2, sturdy
frame
a: Renounce Religion


You were on level 13 of the Dungeon.
You worshipped Vehumet.
Vehumet was greatly pleased with you.
You were not hungry.

You visited 2 branches of the dungeon, and saw 14 of its levels.
You visited the bazaar 1 time.

You collected 871 gold pieces.
You spent 450 gold pieces at shops.

Inventory:

Hand Weapons
 o - a +2 hand axe of distortion (weapon)
 v - a +3 battleaxe
 F - the +1 long sword "Romya" {antimagic, Fragile rF+ rN++ Int+4}
   (You found it on level 10 of the Dungeon)

   It reduces the magical energy of the wielder, and disrupts the spells and
   magical abilities of those hit.
   Natural abilities and divine invocations are not affected.
   It affects your intelligence (+4).
   It protects you from fire.
   It greatly protects you from negative energy.
   It will be destroyed if unequipped.
Missiles
 i - 79 poisoned darts (quivered)
 j - 52 tomahawks
 u - 8 curare darts
 x - 14 frenzy darts
 I - 53 javelins
Armour
 f - a +0 helmet (worn)
 r - the +4 ring mail of Duck's Teeth (worn) {rF+ Int+3}
   (You found it on level 5 of the Dungeon)

   It affects your intelligence (+3).
   It protects you from fire.
 A - a +2 pair of boots (worn)
 G - a +0 pair of gloves
Magical Staves
 C - an uncursed staff of fire
Jewellery
 q - an uncursed ring of protection from magic
 s - a +3 ring of slaying
 w - an uncursed ring of protection from magic
 y - an uncursed ring of positive energy
 z - a +5 ring of strength (left hand)
 E - an amulet of destruction (around neck)
 H - a ring of wizardry (right hand)
Wands
 l - a wand of digging (11)
 B - a wand of iceblast (4)
Scrolls
 a - a scroll of enchant weapon
 b - 2 scrolls of fear
 d - 6 scrolls of amnesia
 e - 5 scrolls of magic mapping
 m - 3 scrolls of fog
 p - 2 scrolls of enchant armour
Potions
 c - 2 potions of flight
 g - 2 potions of lignification
 h - a potion of augmentation
 k - 4 potions of haste
 n - 2 potions of magic
 t - a potion of ambrosia
 D - 2 potions of berserk rage


   Skills:
 - Level 10.1 Fighting
 - Level 16.8 Axes
 - Level 4.3 Armour
 - Level 1.6 Dodging
 - Level 1.5 Stealth
 + Level 2.5 Charms
 + Level 2.5 Summonings
 - Level 10.8 Fire Magic


You had one spell level left.
You knew the following spells:

 Your Spells              Type           Power        Failure   Level  Hunger
a - Flame Tongue          Fire           40 (40)      1%          1    N/A
b - Searing Ray           Fire           50 (50)      1%          2    N/A
c - Conjure Flame         Fire/Air       29 (100)     2%          3    N/A
d - Fireball              Fire           56 (200)     2%          5    N/A
e - Sticky Flame          Fire           56 (100)     1%          4    N/A
f - Iskenderun's Battles  Chrm/Summ      13 (100)     32%         5    N/A

Your spell library contained the following spells:

 Spells                   Type           Power        Failure   Level  Hunger
 Bolt of Draining         Necr           0 (200)      58%         5    N/A
 Dispel Undead            Necr           0 (100)      96%         5    N/A
 Agony                    Necr           0 (100)      96%         5    N/A
 Statue Form              Tmut/Erth      0 (150)      100%        6    N/A
 Dragon Form              Tmut           0 (200)      100%        7    N/A
 Throw Icicle             Ice            0 (100)      32%         4    N/A
 Ignite Poison            Fire/Tmut      29 (100)     2%          3    N/A
 Static Discharge         Air            0 (100)      12%         3    N/A
 Excruciating Wounds      Chrm/Necr      6 (200)      88%         5    N/A
 Force Lance              Tloc/Erth      0 (100)      12%         3    N/A
 Hydra Form               Tmut           0 (200)      100%        6    N/A
 Irradiate                Tmut           0 (200)      58%         5    N/A

Dungeon Overview and Level Annotations

Branches:
Dungeon (13/15)            Bazaar (1/1)

Altars:
Cheibriados
Dithmenos
Elyvilon
Jiyva
Kikubaaqudgha
Lugonu
Makhleb
Nemelex Xobeh
Okawaru
Qazlal
Ru
Sif Muna
Trog
Uskayaw
Vehumet
Wu Jian
Xom
Zin
The Shining One

Shops:
Bazaar [([[=

Annotations:
Abyss:1 Menkaure


Innate Abilities, Weirdness & Mutations

Your spells are harder to cast, but more powerful.
Your movements are less encumbered by armour. (ER -6)
You are dopey. (Int -5)
You are frail. (-10% HP)
Your system is resistant to poisons. (rPois)
You are occasionally teleported next to monsters.
You are weak. (Str -5)


Message History

Aim: a manticore (lightly wounded, fleeing)
The fireball explodes!
The fireball engulfs the manticore (18).
The manticore is moderately wounded.
Your attack snaps the manticore out of its fear.
The fireball engulfs the manticore (13).
The manticore is lightly wounded.
Your attack snaps the manticore out of its fear.
Your amulet of destruction attunes itself to Fireball
Casting: Fireball (safe; 2% risk of failure)
Confirm with . or Enter, or press ? or * to list all spells.
Aiming: Sticky Flame (safe; 1% risk of failure)
Press: ? - help, Shift-Dir - straight line, f/p - manticore
Aim: a manticore (moderately wounded)
The sticky flame hits the manticore (8).
The manticore is moderately wounded.
The manticore is covered in liquid flames!
Your amulet of destruction attunes itself to Sticky Flame The manticore burns!
The manticore bites you (19)!!
You die...

##.# ##..# ### #..## #..
###'###### #.# #..........
#.# #.......... ##.#
#........[.
#..######...[......
#########.##.H@.'..........
.........HH..####..........
######.###### #..........
#...# #......... ###.###
########+ #H..# #H### #..
#..


You could see 3 manticores.

Vanquished Creatures
  A centaur warrior (D:13)
  Erolcha (D:12)
  Erica (D:8)
  A two-headed ogre (D:9)
  An orc high priest (D:12)
  4 cyclopes
  A centaur zombie (D:13)
  2 gargoyles
  A spiny frog (D:11)
  A troll (D:11)
  A shadow (D:12)
  23 yaks
  A wraith (D:10)
  A steam dragon (D:10)
  2 angry ghosts
  A warg (D:12)
  2 water moccasins
  3 black bears
  A spiny frog skeleton (D:8)
  5 orc warriors
  4 wasps
  5 ogres
  10 centaurs
  A rime drake skeleton (D:8)
  A gnoll sergeant (D:7)
  A bullfrog (D:7)
  2 wyvern zombies
  3 scorpions
  A wyvern skeleton (D:12)
  18 killer bees
  2 vampire bats (D:6)
  4 crimson imps
  5 wights
  6 hounds
  2 quasits
  3 jellies
  6 centaur skeletons
  2 orc priests
  9 orc wizards
  A bullfrog skeleton (D:7)
  Terence (D:3)
  6 worker ants
  4 iguanas
  A killer bee zombie (D:9)
  A hound skeleton (D:5)
  13 gnolls
  8 adders
  2 shadow imps
  An ooze (D:5)
  3 dart slugs
  23 orcs
  11 quokkas
  4 bats
  3 bat skeletons (D:6)
  A bat zombie (D:6)
  2 giant cockroaches (D:1)
  8 hobgoblins
  15 jackals
  2 frilled lizards
  5 goblins (D:1)
  A jackal zombie (D:5)
  7 kobolds
  9 rats
271 creatures vanquished.

Vanquished Creatures (others)
  A spiny frog (D:11)
  2 trolls (D:12)
  A meliai zombie (D:12)
  3 yaks
  A wyvern (D:9)
  A wraith (D:11)
  An angry ghost (D:12)
  A water moccasin (D:6)
  2 ice beasts
  A centaur (D:7)
  A blink frog skeleton (D:12)
  A crimson imp (D:5)
  3 wights
  A howler monkey (D:5)
  2 hounds
  A plant (D:12)
23 creatures vanquished.

Grand Total: 294 creatures vanquished

Notes
Turn   | Place    | Note
-------+----------+-------------------------------------------
     0 | D:1      | ploomutoo the Mountain Dwarf Fire Elementalist began the quest for the Orb.
     0 | D:1      | Reached XP level 1. HP: 13/13 MP: 2/2
   352 | D:1      | Reached XP level 2. HP: 19/19 MP: 2/4
   728 | D:1      | Reached skill level 1 in Armour
   741 | D:1      | Reached skill level 5 in Fire Magic
   779 | D:1      | Reached XP level 3. HP: 25/25 MP: 5/5
   795 | D:1      | Reached skill level 1 in Fighting
   946 | D:1      | Learned a level 2 spell: Searing Ray
   947 | D:1      | Learned a level 3 spell: Conjure Flame
  1661 | D:2      | Gained mutation: You have sharp toenails. [mutagenic hatch]
  1755 | D:3      | Reached XP level 4. HP: 23/33 MP: 1/7
  1970 | D:3      | Reached XP level 5. HP: 34/39 MP: 8/8
  2029 | D:3      | Found a deep blue altar of Sif Muna.
  2062 | D:3      | Noticed Terence
  2070 | D:3      | Killed Terence
  2200 | D:3      | Found an ornate altar of the Wu Jian Council.
  2232 | D:3      | Gained mutation: Your spells are a little harder to cast, but a little more powerful. [Mountain Dwarf growth]
  2232 | D:3      | Reached XP level 6. HP: 41/47 MP: 3/10
  2597 | D:3      | Found a glowing silver altar of Zin.
  2707 | D:3      | Gained mutation: You expend magic power (3 MP) to strengthen your wands. [mutagenic hatch]
  2974 | D:4      | Found a corrupted altar of Lugonu.
  2990 | D:4      | Reached XP level 7. HP: 38/53 MP: 6/12
  3220 | D:4      | Lost mutation: You have sharp toenails. [potion of mutation]
  3220 | D:4      | Lost mutation: You expend magic power (3 MP) to strengthen your wands. [potion of mutation]
  3220 | D:4      | Gained mutation: You are weak. (Str -5) [potion of mutation]
  3220 | D:4      | Gained mutation: Your mind is acute. (Int +5) [potion of mutation]
  3718 | D:5      | Entered Level 5 of the Dungeon
  3720 | D:5      | Found a white marble altar of Elyvilon.
  3781 | D:5      | Found a viscous altar of Jiyva.
  3852 | D:5      | Found a glowing golden altar of the Shining One.
  3863 | D:5      | Reached skill level 1 in Axes
  3914 | D:5      | Found a shimmering altar of Xom.
  3925 | D:5      | Reached skill level 2 in Axes
  3990 | D:5      | Reached skill level 3 in Axes
  3990 | D:5      | Reached XP level 8. HP: 57/61 MP: 15/15
  4000 | D:5      | Got the +4 ring mail of Duck's Teeth {rF+ Int+3}
  4111 | D:5      | Found a bloodstained altar of Trog.
  4289 | D:6      | Reached skill level 4 in Axes
  4523 | D:6      | Found a radiant altar of Vehumet.
  4551 | D:6      | Became a worshipper of Vehumet
  4557 | D:6      | Found a burning altar of Makhleb.
  4653 | D:6      | Noticed Menkaure
  4663 | D:6      | Found an iron altar of Okawaru.
  4667 | D:6      | Banished Menkaure
  4667 | D:6      | Reached skill level 5 in Axes
  4692 | D:6      | Reached skill level 6 in Axes
  4705 | D:6      | Reached skill level 7 in Axes
  5080 | D:6      | Found a shadowy altar of Dithmenos.
  5089 | D:6      | Reached skill level 8 in Axes
  5130 | D:6      | Found a hide-covered altar of Uskayaw.
  5255 | D:6      | Found a sacrificial altar of Ru.
  5392 | D:6      | Found an ancient bone altar of Kikubaaqudgha.
  5394 | D:6      | Reached XP level 9. HP: 67/67 MP: 18/18
  5401 | D:6      | Reached skill level 5 in Fighting
  5544 | D:6      | Gained mutation: You are occasionally teleported next to monsters. [mutagenic hatch]
  5602 | D:7      | Reached * piety under Vehumet
  5602 | D:7      | Offered knowledge of Force Lance by Vehumet.
  5611 | D:7      | Reached skill level 9 in Axes
  5619 | D:7      | Learned a level 5 spell: Fireball
  5620 | D:7      | Learned a level 4 spell: Sticky Flame
  5678 | D:7      | Found a stormy altar of Qazlal.
  5696 | D:7      | Lost mutation: You are weak. (Str -5) [potion of mutation]
  5696 | D:7      | Lost mutation: Your mind is acute. (Int +5) [potion of mutation]
  5696 | D:7      | Gained mutation: You are frail. (-10% HP) [potion of mutation]
  5696 | D:7      | Gained mutation: Your system is resistant to poisons. (rPois) [potion of mutation]
  5750 | D:7      | Found a sparkling altar of Nemelex Xobeh.
  5981 | D:7      | Found a snail-covered altar of Cheibriados.
  5984 | D:7      | Found a glowing silver altar of Zin.
  5988 | D:7      | Reached skill level 10 in Axes
  6186 | D:7      | Gained mutation: You are dopey. (Int -5) [mutagenic hatch]
  6234 | D:8      | Reached skill level 11 in Axes
  6288 | D:8      | Noticed Erica
  6295 | D:8      | Reached skill level 12 in Axes
  6296 | D:8      | Reached ** piety under Vehumet
  6297 | D:8      | Reached XP level 10. HP: 59/68 MP: 18/18
  6301 | D:8      | Offered knowledge of Ignite Poison by Vehumet.
  6306 | D:8      | Killed Erica
  6306 | D:8      | Reached skill level 13 in Axes
  6308 | D:8      | HP: 3/68 [poisoned by a killer bee]
  6594 | D:8      | Reached skill level 14 in Axes
  7103 | D:8      | Reached skill level 15 in Axes
  7357 | D:8      | Gained mutation: You are weak. (Str -5) [mutagenic hatch]
  7363 | D:9      | Reached XP level 11. HP: 72/72 MP: 18/18
  7581 | D:9      | Offered knowledge of Static Discharge by Vehumet.
  7744 | D:9      | Noticed a two-headed ogre
  7748 | D:9      | Killed a two-headed ogre
  7748 | D:9      | Reached skill level 16 in Axes
  7909 | D:9      | Reached *** piety under Vehumet
  8437 | D:10     | Entered Level 10 of the Dungeon
  8453 | D:10     | Got the +1 long sword "Romya" {antimagic, Fragile rF+ rN++ Int+4}
  8611 | D:10     | Offered knowledge of Throw Icicle by Vehumet.
  9499 | D:11     | Noticed a cyclops
  9598 | D:11     | Killed a cyclops
  9784 | D:11     | Noticed a cyclops
  9804 | D:11     | Killed a cyclops
  9804 | D:11     | Gained mutation: Your spells are harder to cast, but more powerful. [Mountain Dwarf growth]
  9804 | D:11     | Reached XP level 12. HP: 75/84 MP: 20/20
  9864 | D:11     | Reached **** piety under Vehumet
 10087 | D:11     | Found a gateway to a bazaar.
 10271 | Bazaar   | Entered a bazaar
 10271 | Bazaar   | Found Qamotoepp's Weapon Boutique.
 10271 | Bazaar   | Found Faisyph's Antique Armour Boutique.
 10271 | Bazaar   | Found Mahakaef's Jewellery Boutique.
 10271 | Bazaar   | Found Aneoth's Armour Boutique.
 10329 | Bazaar   | Bought an uncursed ring of wizardry for 450 gold pieces
 10363 | D:12     | Noticed an orc high priest
 10387 | D:12     | Reached skill level 10 in Fire Magic
 10431 | D:12     | Noticed a sun demon
 10447 | D:12     | Killed an orc high priest
 10465 | D:12     | HP: 3/85 [warg[an orc high priest] (3)]
 10517 | D:12     | Noticed Erolcha
 10526 | D:12     | HP: 4/85 [troll[an orc high priest] (6)]
 10959 | D:12     | Killed Erolcha
 11158 | D:12     | Reached skill level 10 in Fighting
 11226 | D:12     | Offered knowledge of Iskenderun's Battlesphere by Vehumet.
 11415 | D:12     | Learned a level 5 spell: Iskenderun's Battlesphere
 11914 | D:13     | Noticed a centaur warrior
 11919 | D:13     | Killed a centaur warrior
 11919 | D:13     | Reached skill level 1 in Charms
 11919 | D:13     | Reached skill level 1 in Summonings
 12026 | D:13     | Noticed a rakshasa
 12056 | D:13     | Slain by a manticore (illusionary)

Skill      XL: |  1  2  3  4  5  6  7  8  9 10 11 12 |
---------------+-------------------------------------+-----
Armour         | 1 2 3 4 |  4.3
Fire Magic     | 5 6 7 9 10 | 10.8
Fighting       | 2 3 4 5 8 10 | 10.1
Axes           | 3 8 12 15 16 | 16.8
Charms         | 2 |  2.5
Summonings     | 2 |  2.5
Dodging        | |  1.6
Stealth        | |  1.5

Action                   |  1- 3 |  4- 6 |  7- 9 | 10-12 || total
-------------------------+-------+-------+-------+-------++-------
Melee: Unarmed           |    29 |       |       |       ||    29
       Dagger            |   156 |    62 |    43 |       ||   261
       Kick              |     5 |    10 |     5 |       ||    20
       Hand axe          |       |       |   176 |   416 ||   592
 Cast: Flame Tongue      |    32 |    28 |    39 |    23 ||   122
       Searing Ray       |       |     5 |     1 |     1 ||     7
       Conjure Flame     |       |       |     1 |     3 ||     4
       Fireball          |       |       |     3 |    18 ||    21
       Sticky Flame      |       |       |       |     3 ||     3
  Use: Potion            |       |       |     3 |     3 ||     6
       Scroll            |       |       |       |     2 ||     2
 Stab: Sleeping          |       |     1 |     1 |       ||     2
Armor: Robe              |     3 |       |       |       ||     3
       Ring mail         |    50 |    23 |    86 |   131 ||   290
Dodge: Dodged            |   130 |    50 |   123 |   192 ||   495
